 Dungeon Crawl Stone Soup version 0.22-a0-614-g34fbaa0 (webtiles) character file.

65 Dmuffinman the Slasher (level 3, 0/49 HPs)
             Began as a Minotaur Berserker on July 18, 2018.
             Was a Believer of Trog.
             Slain by an orc
             ... wielding a +0 dagger
              (1 damage)
             ... on level 3 of the Dungeon.
             The game lasted 00:06:52 (1422 turns).

Dmuffinman the Slasher (Minotaur Berserker)         Turns: 1422, Time: 00:06:52

Health: 0/49       AC: -1    Str: 26    XL:     3   Next: 92%
Magic:  2/2        EV: 12    Int:  4    God:    Trog [**....]
Gold:   58         SH:  0    Dex: 10    Spells: 2/2 levels left

rFire    . . .     SeeInvis .   d - +2 flail (holy)
rCold    . . .     Gourm    .   (no shield)
rNeg     . . .     Faith    .   b - +0 animal skin
rPois    .         Spirit   .   (helmet restricted)
rElec    .         Reflect  .   (no cloak)
rCorr    .         Harm     .   (no gloves)
MR       .....                  (no boots)
Stlth    ..........             (no amulet)
HPRegen  0.16/turn              (no ring)
MPRegen  0.08/turn              (no ring)

@: berserking, corroded, flying, very quick
A: retaliatory headbutt, horns 2
a: Berserk, Trog's Hand, Renounce Religion


You were on level 3 of the Dungeon.
You worshipped Trog.
Trog was pleased with you.
You were hungry.

You visited 1 branch of the dungeon, and saw 3 of its levels.

You collected 58 gold pieces.

Inventory:

Hand Weapons
 a - a +0 falchion
 d - a +2 flail of holy wrath (weapon)
Armour
 b - a +0 animal skin (worn)
Jewellery
 q - an uncursed amulet of the acrobat {unknown}
Scrolls
 f - a scroll of teleportation {unknown}
 k - a scroll of identify {unknown}
 n - a scroll of enchant weapon {unknown}
 o - 2 scrolls of fear {unknown}
 r - a scroll of remove curse {unknown}
Potions
 e - a potion of invisibility {unknown}
 i - a potion of lignification {unknown}
 j - a potion of agility {unknown}
 l - a potion of berserk rage {unknown}
 m - 2 potions of curing {unknown}
 p - a potion of heal wounds {unknown}
Comestibles
 c - 7 rations
 g - 7 chunks of flesh


   Skills:
 + Level 4.2 Fighting
 * Level 4.8 Long Blades
 + Level 1.4 Maces & Flails
 + Level 2.6 Armour
 + Level 2.4 Dodging


You had 2 spell levels left.
You didn't know any spells.
Your spell library was empty.

Dungeon Overview and Level Annotations

Branches:
Dungeon (3/15)

Altars:
Ru


Innate Abilities, Weirdness & Mutations

You reflexively headbutt those who attack you in melee.
You have a pair of horns on your head.


Message History

The goblin wields a hunting sling.
The goblin shoots a stone.
The stone barely misses you.
You hear a splash.
The kobold splashes around in the water.
The orc hits you but does no damage.
The goblin zaps a wand.
The bolt of acid misses you.
You barely miss the orc. Your headbutt misses the orc.
The orc barely misses you. You furiously retaliate!
You headbutt the orc, but do no damage. The orc barely misses you.
You closely miss the orc. Your headbutt misses the orc.
The orc closely misses you. You furiously retaliate!
You headbutt the orc. You hit the orc but do no damage.
The orc is heavily wounded.
The orc misses you. The orc hits you with a dagger.
* * * LOW HITPOINT WARNING * * *
A red film seems to cover your vision as you go berserk!
You feel yourself moving faster!
You feel mighty!
You are feeling hungry.
The orc hits you with a dagger.
You die...

#.# #........# ...#
########.#######........##....#
..>...)..÷.(...................
....############..<.....##....#
...(# #........# ### ....#
#.######## #.### #.# #.# #.#
#.###### #@# .......# #o#
#.####.#########g## #####
.....#.#........K.## ##≈≈≈≈##
#.##.#.#.########..###(≈≈≈≈≈##
...#.#.#.# #.........≈≈..
._.......# #..[...†...≈≈.
...#.#.#.# #.....)≈≈....≈
#.##.#.#.# #.....≈..≈≈..≈


You could see an orc, a goblin and a kobold.

Vanquished Creatures
  A gnoll (D:1)
  An ooze (D:1)
  A worm (D:2)
  A leopard gecko (D:3)
  10 bats
  A giant cockroach (D:3)
  10 goblins
  6 hobgoblins
  A jackal (D:3)
  2 frilled lizards
  5 kobolds
  4 rats
43 creatures vanquished.

Notes
Turn   | Place    | Note
-------+----------+-------------------------------------------
     0 | D:1      | Dmuffinman the Minotaur Berserker began the quest for the Orb.
     0 | D:1      | Reached XP level 1. HP: 19/19 MP: 0/0
    10 | D:1      | Reached XP level 2. HP: 9/27 MP: 1/1
   525 | D:2      | Reached XP level 3. HP: 18/33 MP: 2/2
   802 | D:2      | Reached ** piety under Trog
  1047 | D:1      | Reached skill level 1 in Maces & Flails
  1309 | D:3      | Found a sacrificial altar of Ru.
  1421 | D:3      | HP: 1/33 [orc/dagger (3)]
  1422 | D:3      | Slain by an orc

Vault maps used:
D:1:      saegor_arrival_simple_a, st_stairs_3
D:2:      ashenzari_altar_1, uniq_crazy_yiuf_cottage, uniq_jessica
D:3:      cheibrodos_helix_gallery, nicolae_ru_sacrificial_ziggurat

Skill      XL: |  1  2  3 |
---------------+----------+-----
Long Blades    | 4 |  4.8
Fighting       | 4 |  4.2
Maces & Flails | 1 |  1.4
Armour         | |  2.6
Dodging        | |  2.4

Action                   || total
-------------------------++-------
Melee: Falchion          ||     8
       Headbutt          ||     7
       Flail             ||    66
Invok: Berserk           ||     1
  Use: Potion            ||     1
 Stab: Sleeping          ||     1
  Eat: Chunk             ||     2
Armor: Animal skin       ||     6
Dodge: Dodged            ||    50

Table legend:
 A = Spawn XP
 B = Non-spawn XP
 C = Spawn XP percentage of total XP
 D = Spawn monster count
 E = Non-spawn monster count
 F = Spawn count percentage of total count
 G = Total turns spent on level
                    A         B        C        D         E        F      G
               +---------+---------+-------+---------+---------+-------+---------
         Total |       0 |      93 |   0.0 |       0 |      43 |   0.0 |  1422
               +---------+---------+-------+---------+---------+-------+---------
           D:1 |       0 |      62 |   0.0 |       0 |      26 |   0.0 |  1100
           D:2 |       0 |      10 |   0.0 |       0 |       5 |   0.0 |   122
           D:3 |       0 |      21 |   0.0 |       0 |      12 |   0.0 |   200
               +---------+---------+-------+---------+---------+-------+---------
